 Dungeon Crawl Stone Soup version 0.20.1-1-g8b1a95d (webtiles) character file.

60 dohliylev the Sneak (level 3, 0/25 HPs)
             Began as a Vampire Enchanter on Dec 13, 2017.
             Slain by a gnoll
             ... wielding a +0 flail
              (8 damage)
             ... on level 2 of the Dungeon.
             The game lasted 00:04:26 (1406 turns).

dohliylev the Sneak (Vampire Enchanter)             Turns: 1406, Time: 00:04:27

Health: 0/25       AC:  2    Str:  7    XL:     3   Next: 82%
Magic:  2/6        EV: 13    Int: 17    God:
Gold:   64         SH:  0    Dex: 15    Spells: 3/6 levels left

rFire    . . .     SeeInvis +   a - +1 dagger
rCold    . . .     Gourm    .   (no shield)
rNeg     + . .     Faith    .   b - +0 robe
rPois    .         Spirit   .   (no helmet)
rElec    .         Reflect  .   (no cloak)
rCorr    .         Harm     .   (no gloves)
MR       .....                  (no boots)
Stlth    +++.......             (no amulet)
Regen    0.1/turn               (no ring)
MPRegen  0.1/turn               (no ring)

@: very slightly contaminated
A: fangs 3, see invisible, unbreathing
a: Bat Form


You were on level 2 of the Dungeon.
You were not thirsty.

You visited 1 branch of the dungeon, and saw 2 of its levels.

You collected 64 gold pieces.

Inventory:

Hand Weapons
 a - a +1 dagger (weapon)
Armour
 b - a +0 robe (worn)
Scrolls
 e - a scroll of fog {unknown}
 h - a scroll of recharging {unknown}
 i - a scroll of blinking {unknown}
 j - a scroll of identify {unknown}
Potions
 d - 7 potions of blood
 f - 2 potions of might {unknown}
 g - a potion of curing {unknown}
Books
 c - a book of Maledictions

   Spells                             Type                      Level
   a - Corona                         Hexes                        1
   b - Ensorcelled Hibernation        Hexes/Ice                    2
   c - Confuse                        Hexes                        3
   d - Tukima's Dance                 Hexes                        3
   e - Dazzling Spray                 Conjuration/Hexes            3


   Skills:
 + Level 0.5 Fighting
 - Level 1.1 Short Blades
 - Level 2.1 Dodging
 + Level 6.9 Stealth
 - Level 2.0 Spellcasting
 - Level 4.4 Hexes
 + Level 0.8 Ice Magic


You had 3 spell levels left.
You knew the following spells:

 Your Spells              Type           Power        Failure   Level  Hunger
a - Corona                Hex            ###....      3%          1    #......
b - Ensorcelled Hibernat  Hex/Ice        ##....       10%         2    ###....


Dungeon Overview and Level Annotations

Branches:
Dungeon (2/15)

Altars:


Innate Abilities, Weirdness & Mutations

You have razor-sharp teeth.
You have supernaturally acute eyesight. (SInv)
You can survive without breathing.


Message History

You hit the gnoll.
The gnoll is severely wounded.
You barely miss the gnoll.
The gnoll is severely wounded.
The gnoll hits you with a flail!
You hit the gnoll but do no damage.
The gnoll is severely wounded.
The gnoll closely misses you.
You hit the gnoll.
The gnoll is almost dead.
The gnoll hits you with a flail.
You hit the gnoll but do no damage.
The gnoll is almost dead.
The gnoll misses you.
You hit the gnoll but do no damage. You bite the gnoll, but do no damage.
The gnoll is almost dead.
You barely miss the gnoll.
The gnoll is almost dead.
The gnoll hits you with a flail!
You die...

#.#.... #.......# #......
#.......# ######## #.....#
#.......# #......# #.....
#.####.## #......#
#....###.###.... #......#
#.#.#..........# #......#
#.#..#...##...#.
#......####.#...#..##..#..
#.......g@.......#....#...
#####'######.#....#..#[...
#.# #...##..##..##. #.#
##..##..# ..# . #.#
#.....#.. ... #.#
#....#....#.. #####g#
##..#..##.. #...#!#
..#...# .. +...'.#
.#......


You could see a gnoll.

Vanquished Creatures
  2 adders (D:2)
  2 oozes
  A dart slug (D:1)
  2 leopard geckos
  3 bats
  5 goblins
  3 hobgoblins
  3 jackals (D:1)
  4 frilled lizards
  5 rats
30 creatures vanquished.

Notes
Turn   | Place    | Note
-------+----------+-------------------------------------------
     0 | D:1      | dohliylev the Vampire Enchanter began the quest for the Orb.
     0 | D:1      | Reached XP level 1. HP: 13/13 MP: 3/3
    25 | D:1      | Reached skill level 5 in Stealth
   355 | D:1      | Reached XP level 2. HP: 19/19 MP: 5/5
   404 | D:1      | Learned a level 2 spell: Ensorcelled Hibernation
   812 | D:1      | Reached skill level 6 in Stealth
  1048 | D:2      | Reached XP level 3. HP: 25/25 MP: 6/6
  1406 | D:2      | Slain by a gnoll

Skill      XL: |  1  2 |
---------------+-------+-----
Stealth        | 5 6 |  6.9
Fighting       | |  0.5
Short Blades   | |  1.1
Dodging        | |  2.1
Spellcasting   | |  2.0
Hexes          | |  4.4
Ice Magic      | |  0.8

Action                   || total
-------------------------++-------
Melee: Dagger            ||    92
       Bite              ||    10
 Cast: Corona            ||    11
       Ensorcelled Hiber ||    17
 Abil: End Transformatio ||     4
       Bat Form          ||     4
  Use: Potion            ||     1
 Stab: Sleeping          ||    19
  Eat: Corpse            ||     2
Armor: Robe              ||    11
Dodge: Dodged            ||    47
